 Dungeon Crawl Stone Soup version 0.30-a0-996-ga6910c8ee8 (webtiles) character file.

Game seed: 1568641574915039404

203 Pimp the Shooter (level 5, -4/42 HPs)
             Began as a Barachi Hunter on Apr 4, 2023.
             Slain by a sleepcap (18 damage)
             ... on level 5 of the Dungeon.
             The game lasted 00:06:41 (2597 turns).

Pimp the Shooter (Barachi Hunter)                   Turns: 2597, Time: 00:06:42

Health: -4/42      AC:  3    Str: 13    XL:     5   Next: 81%
Magic:  6/6        EV:  2    Int: 11    God:
Gold:   205        SH:  0    Dex: 15    Spells: 6/6 levels left

rFire   . . .      SeeInvis .    k - +2 falchion (holy)
rCold   . . .      Faith    .    (no shield)
rNeg    . . .      Spirit   .    c - +0 leather armour
rPois   .          Reflect  .    (no helmet)
rElec   .          Rampage  .    o - scarf {+Inv}
rCorr   .                        (no gloves)
Will    .....                    (no boots)
Stlth   ++                       (no amulet)
HPRegen 0.27/turn                (no ring)
MPRegen 0.10/turn                (no ring)

@: sleeping, slow
A: amphibious, slowness 1, strong legs 1, +LOS
a: Hop, Evoke Invisibility


You were on level 5 of the Dungeon.
You visited 1 branch of the dungeon, and saw 5 of its levels.

You collected 205 gold pieces.

Inventory:

Hand Weapons
 a - a +0 shortbow
 k - a +2 falchion of holy wrath (weapon)
Armour
 c - a +0 leather armour (worn)
 o - a scarf of invisibility (worn)
 t - a +0 cloak
Jewellery
 p - a ring of magical power
Scrolls
 b - a scroll of immolation
 e - 2 scrolls of identify
 h - a scroll of vulnerability
 i - 2 scrolls of teleportation
 r - a scroll of fog
 s - 2 scrolls of noise
Potions
 d - 2 potions of lignification
 f - 2 potions of curing
 g - a potion of haste {unknown}
 j - 2 potions of mutation {unknown}
 l - 2 potions of brilliance {unknown}
 m - a potion of heal wounds
 n - a potion of cancellation
 q - a potion of berserk rage {unknown}


   Skills:
 + Level 3.9 Fighting
 + Level 1.4 Long Blades
 + Level 4.7 Ranged Weapons
 + Level 1.4 Armour
 + Level 3.4 Dodging
 - Level 2.0 Stealth
 + Level 1.1 Spellcasting


You had 6 spell levels left.
You didn't know any spells.
Your spell library contained the following spells:

 Spells                   Type           Power      Damage    Failure   Level
 Kiss of Death            Conj/Necr      0%         2d5       38%         1
 Confusing Touch          Hex            0%         N/A       77%         3
 Anguish                  Hex/Necr       0%         N/A       99%         4
 Dispel Undead            Necr           0%         3d6       99%         4
 Enfeeble                 Hex            0%         N/A       100%        7
 Borgnjor's Revivificati  Necr           0%         N/A       100%        8
 Necromutation            Tmut/Necr      0%         N/A       100%        8
 Death's Door             Necr           0%         N/A       100%        9


Dungeon Overview and Level Annotations

Branches:
Dungeon (5/15)
 Temple: D:4-7

Altars:
Ashenzari
Elyvilon
Kikubaaqudgha
Okawaru
Sif Muna
The Shining One


Innate Abilities, Weirdness & Mutations

You are amphibious.
You cover ground slowly.
You can hop short distances.
You have an extended range of vision and can be seen from far away.


Message History

Unknown command.
You start waiting.
Done waiting.
A sleepcap comes into view.
You hit the sleepcap but do no damage. The sleepcap releases spores at you!
The sleepcap closely misses you.
You hit the sleepcap.
The sleepcap is lightly damaged.
The sleepcap releases spores at you.
You hit the sleepcap.
The sleepcap is lightly damaged.
The sleepcap releases spores at you but does no damage.
You hit the sleepcap.
The sleepcap is moderately damaged.
The sleepcap misses you.
You hit the sleepcap.
The sleepcap is moderately damaged.
The sleepcap releases spores at you.
You hit the sleepcap.
The sleepcap is heavily damaged.
The sleepcap closely misses you. The sleepcap releases spores at you.
You hit the sleepcap.
The sleepcap is heavily damaged.
The sleepcap misses you.
You hit the sleepcap.
The sleepcap is heavily damaged.
The sleepcap completely misses you.
You hit the sleepcap.
The sleepcap is severely damaged.
The sleepcap releases spores at you.
You hit the sleepcap but do no damage.
The sleepcap is severely damaged.
The sleepcap barely misses you. The sleepcap closely misses you.
You hit the sleepcap but do no damage.
The sleepcap is severely damaged.
The sleepcap releases spores at you!
You are engulfed in a cloud of soporific spores!
You fall asleep.
The sleepcap releases spores at you!!
You die...

. #. .# . .. #.
#. # . ###.# .#
.# #.
#....###.#..# .
#..........####
#. #.@f.......
#.###
##.##.##..##
#...# #..# .#
#.# ##.## #
#<## #..# #..#
##.## ##.#
##..# #†# #..##
#.###.##


You could see a sleepcap.

Vanquished Creatures
  A black bear (D:4)
  A howler monkey (D:5)
  An adder (D:3)
  2 worms (D:4)
  2 dart slugs
  An orc (D:4)
  2 bats
  6 endoplasms
  A giant cockroach (D:3)
  11 hobgoblins
  4 jackals (D:3)
  A kobold (D:4)
  A quokka (D:1)
  3 ball pythons
  3 frilled lizards
  4 goblins
  5 rats
49 creatures vanquished.

Notes
Turn   | Place    | Note
-------+----------+-------------------------------------------
     0 | D:1      | Pimp the Barachi Hunter began the quest for the Orb.
     0 | D:1      | Reached XP level 1. HP: 17/17 MP: 1/1
   265 | D:1      | Reached skill level 1 in Stealth
   713 | D:2      | Reached XP level 2. HP: 23/23 MP: 2/2
  1025 | D:3      | Reached XP level 3. HP: 12/28 MP: 3/3
  1122 | D:3      | Found a faded altar of an unknown god.
  1615 | D:3      | Found an ancient bone altar of Kikubaaqudgha.
  1618 | D:3      | Found a glowing golden altar of the Shining One.
  1621 | D:3      | Found a white marble altar of Elyvilon.
  1621 | D:3      | Found a shimmering blue altar of Sif Muna.
  1624 | D:3      | Found an iron altar of Okawaru.
  1627 | D:3      | Found a broken altar of Ashenzari.
  1879 | D:4      | Reached XP level 4. HP: 35/35 MP: 4/4
  2222 | D:5      | Entered Level 5 of the Dungeon
  2226 | D:5      | Noticed a black bear
  2244 | D:4      | Killed a black bear
  2245 | D:4      | Reached skill level 1 in Long Blades
  2245 | D:4      | Reached skill level 1 in Armour
  2245 | D:4      | Reached XP level 5. HP: 11/42 MP: 4/6
  2372 | D:5      | Reached skill level 1 in Spellcasting
  2597 | D:5      | Slain by a sleepcap

Illustrated notes

Levels and vault maps discovered:
D:1:      minmay_arrival_checkered_box, layout_loops_ring,
          chequers_serial_rivers_large_b, serial_bayou_pond_e,
          serial_bayou_crossing
D:2:      layout_rooms
D:3:      layout_loops_ring, minitemple, basic_ecumenical_altar
D:4:      layout_rooms
D:5:      layout_rooms

Skill      XL: |  1  2  3  4  5 |
---------------+----------------+-----
Stealth        | 1 2 |  2.0
Fighting       | 3 |  3.9
Dodging        | 3 |  3.4
Long Blades    | 1 |  1.4
Armour         | 1 |  1.4
Spellcasting   | 1 |  1.1
Ranged Weapons | |  4.7

Action                     |  1- 3 |  4- 6 || total
---------------------------+-------+-------++-------
  Melee: Falchion          |    21 |    25 ||    46
   Fire: Shortbow          |    71 |    31 ||   102
    Use: Scroll            |    13 |       ||    13
         Potion            |       |     1 ||     1
   Stab: Sleeping          |     2 |       ||     2
 Armour: Leather armour    |    21 |     8 ||    29
  Dodge: Dodged            |    51 |    34 ||    85

Table legend: (Time is in decaauts)
 A = Elapsed time spent in this place.
 B = Non-inter-level travel time spent in this place.
 C = Inter-level travel time spent in this place.
 D = Time resting spent in this place.
 E = Time spent auto-exploring this place.
 F = Levels seen in this place.
 G = Mean time per level.
                   A        B        C        D        E       F      G
               +--------+--------+--------+--------+--------+-----+--------+
         Total |   3009 |   2901 |    108 |    451 |   1855 |   5 |  601.8 |
       Dungeon |   3009 |   2901 |    108 |    451 |   1855 |   5 |  601.8 |
               +--------+--------+--------+--------+--------+-----+--------+

Top non-repeatable levels by time:
     D:3: 854 daAuts
     D:4: 721 daAuts
     D:1: 697 daAuts
     D:2: 471 daAuts
     D:5: 264 daAuts
